 Dungeon Crawl Stone Soup version 0.30-a0-967-g9b59a09336 (webtiles) character file.

Game seed: 3457303107935143228

105 Maize the Chopper (level 4, 0/41 HPs)
             Began as a Minotaur Berserker on Mar 31, 2023.
             Was a Believer of Trog.
             Slain by a gnoll
             ... wielding a +4 flail
              (3 damage)
             ... on level 3 of the Dungeon.
             The game lasted 00:02:16 (1777 turns).

Maize the Chopper (Minotaur Berserker)              Turns: 1777, Time: 00:02:16

Health: 0/41       AC:  5    Str: 24    XL:     4   Next: 53%
Magic:  3/3        EV: 11    Int:  4    God:    Trog [**....]
Gold:   115        SH:  0    Dex:  9    Spells: 3/3 levels left

rFire   . . .      SeeInvis .    a - +0 hand axe
rCold   . . .      Faith    .    (no shield)
rNeg    . . .      Spirit   .    n - +0 ring mail
rPois   +          Reflect  .    (helmet restricted)
rElec   .          Rampage  .    (no cloak)
rCorr   .                        (no gloves)
Will    .....                    (no boots) Stlth
                                 m - amulet of magic regeneration
HPRegen 0.26/turn                c - ring of poison resistance
MPRegen 0.48/turn                (no ring)

@: on berserk cooldown, slowed, very slow
A: horns 2, retaliatory headbutt
a: Renounce Religion, Berserk, Trog's Hand


You were on level 3 of the Dungeon.
You worshipped Trog.
Trog was pleased with you.
You visited 1 branch of the dungeon, and saw 3 of its levels.

You collected 115 gold pieces.

Inventory:

Hand Weapons
 a - a +0 hand axe (weapon)
Armour
 n - a +0 ring mail (worn)
Jewellery
 c - a ring of poison resistance (left hand)
 m - an amulet of magic regeneration (around neck)
Scrolls
 b - a scroll of silence {unknown}
 d - 3 scrolls of identify {unknown}
 e - 2 scrolls of teleportation {unknown}
 f - 2 scrolls of immolation {unknown}
 h - a scroll of magic mapping {unknown}
 i - a scroll of noise {unknown}
 k - a scroll of torment {unknown}
Potions
 g - a potion of mutation {unknown}
 l - a potion of flight {unknown}


   Skills:
 + Level 4.4 Fighting
 * Level 5.1 Axes
 + Level 3.5 Armour
 - Level 2.4 Dodging


You had 3 spell levels left.
You didn't know any spells.
Your spell library was empty.

Dungeon Overview and Level Annotations

Branches:
Dungeon (3/15)

Altars:


Innate Abilities, Weirdness & Mutations

You have a pair of horns on your head.
You reflexively headbutt those who attack you in melee.


Message History

The gnoll barely misses you. You furiously retaliate!
You headbutt the gnoll. You barely miss the gnoll.
The gnoll is severely wounded.
You barely miss the gnoll.
The gnoll is severely wounded.
The gnoll barely misses you. You furiously retaliate!
You headbutt the gnoll!
You kill the gnoll!
Trog accepts your kill. The gnoll closely misses you. The gnoll misses you.
There is an open door, spattered with blood here.
You see here a +0 flail.
You closely miss the gnoll. You slash the gnoll!
You are no longer berserk.
You are exhausted.
You feel yourself slow down. The gnoll hits you but does no damage.
The gnoll hits you with a +4 flail!
You hit the gnoll but do no damage. Your headbutt misses the gnoll.
You closely miss the gnoll. The gnoll hits you with a +0 club.
* * * LOW HITPOINT WARNING * * *
The gnoll hits you with a +4 flail.
* * * LOW HITPOINT WARNING * * *
You barely miss the gnoll. Your punch misses the gnoll.
You hit the gnoll but do no damage. The gnoll hits you with a +0 club.
* * * LOW HITPOINT WARNING * * *
The gnoll hits you with a +4 flail.
* * * LOW HITPOINT WARNING * * *
The gnoll closely misses you. You furiously retaliate!
You headbutt the gnoll.
You kill the gnoll!
Trog accepts your kill. The gnoll hits you with a +4 flail.
* * * LOW HITPOINT WARNING * * *
Unknown command.
Unknown command.
You hit the gnoll but do no damage. You punch the gnoll, but do no damage.
The gnoll hits you with a +4 flail.
* * * LOW HITPOINT WARNING * * *
You slash the gnoll!
The gnoll is heavily wounded.
The gnoll hits you with a +4 flail.
You die...

........# ........#
........# #######+#
........# #........
........# #........
........# #........
........# #####........
.......)#####............
.......g@)..'.........[..
........#####............
######### #...###########
#...# #...# #...# ###
#########...# ###..
#.......#...#######...#
#.......#..............


You could see a gnoll.

Vanquished Creatures
  3 gnolls (D:3)
  An adder (D:2)
  A worm (D:2)
  3 dart slugs
  8 endoplasms
  3 giant cockroaches
  4 goblins
  5 hobgoblins
  3 quokkas
  6 ball pythons
  4 bats
  4 frilled lizards
  4 kobolds (D:1)
  7 rats
56 creatures vanquished.

Vanquished Creatures (others)
  A plant (D:1)
1 creature vanquished.

Grand Total: 57 creatures vanquished

Notes
Turn   | Place    | Note
-------+----------+-------------------------------------------
     0 | D:1      | Maize the Minotaur Berserker began the quest for the Orb.
     0 | D:1      | Reached XP level 1. HP: 19/19 MP: 0/0
   158 | D:1      | Reached XP level 2. HP: 26/27 MP: 1/1
   298 | D:1      | Reached skill level 4 in Axes
   450 | D:1      | Found a faded altar of an unknown god.
   526 | D:1      | Reached XP level 3. HP: 33/33 MP: 2/2
   652 | D:1      | Reached ** piety under Trog
  1643 | D:3      | Reached XP level 4. HP: 40/40 MP: 3/3
  1765 | D:3      | Reached skill level 5 in Axes
  1776 | D:3      | HP: 2/41 [gnoll/+4 flail (5)]
  1777 | D:3      | Slain by a gnoll

Illustrated notes

Levels and vault maps discovered:
D:1:      ncdulo_halloftheorcs, layout_loops_ring,
          dreamdust_ecumenical_altar_grove, minmay_octomino_e4
D:2:      layout_loops_ring
D:3:      layout_basic, uniq_robin

Skill      XL: |  1  2  3  4 |
---------------+-------------+-----
Axes           | 4 5 |  5.1
Fighting       | 4 |  4.4
Armour         | 3 |  3.5
Dodging        | |  2.4

Action                     |  1- 3 |  4- 6 || total
---------------------------+-------+-------++-------
  Melee: Hand axe          |    91 |    20 ||   111
         Headbutt          |     8 |     1 ||     9
         Punch             |       |     2 ||     2
 Invoke: Berserk           |       |     1 ||     1
   Stab: Sleeping          |     1 |       ||     1
 Armour: Animal skin       |    14 |       ||    14
         Ring mail         |       |     3 ||     3
         Leather armour    |       |     1 ||     1
  Dodge: Dodged            |    48 |    15 ||    63

Table legend: (Time is in decaauts)
 A = Elapsed time spent in this place.
 B = Non-inter-level travel time spent in this place.
 C = Inter-level travel time spent in this place.
 D = Time resting spent in this place.
 E = Time spent auto-exploring this place.
 F = Levels seen in this place.
 G = Mean time per level.
                   A        B        C        D        E       F      G
               +--------+--------+--------+--------+--------+-----+--------+
         Total |   1784 |   1751 |     33 |      0 |   1408 |   3 |  594.7 |
       Dungeon |   1784 |   1751 |     33 |      0 |   1408 |   3 |  594.7 |
               +--------+--------+--------+--------+--------+-----+--------+

Top non-repeatable levels by time:
     D:1: 854 daAuts
     D:2: 766 daAuts
     D:3: 163 daAuts
